 Dungeon Crawl Stone Soup version 0.31.0-7-gf635a9b802 (webtiles) character file.

Game seed: 10885916864610086729

23 DiggyJ the Ruffian (level 2, 23/23 HPs)
             Began as a Demigod Shapeshifter on Jan 23, 2024.
             Quit the game on level 1 of the Dungeon.
             The game lasted 00:02:28 (946 turns).

DiggyJ the Ruffian (Demigod Shapeshifter)            Turns: 946, Time: 00:02:29

Health: 23/23      AC:  2    Str: 15    XL:     2   Next: 57%
Magic:  4/4        EV: 12    Int: 12    God:
Gold:   46         SH:  0    Dex: 13    Spells: 1/1 levels left

rFire   . .          .
                       - Unarmed
rCold   . . .        (no shield)
rNeg    . . .        a - +0 animal skin
rPois   .            (helmet currently unavailable)
rElec   .            (cloak currently unavailable)
rCorr   .            (gloves currently unavailable)
SInv    .            (boots currently unavailable)
Will    .....        (no amulet)
Stlth   +            (no ring)
HPRegen 0.23/turn    (no ring)
MPRegen 0.09/turn

%: no passive effects
@: beast-form
A: beast (slay +1), high MP 1, forlorn, divine attributes
a: Begin Untransformation


You were on level 1 of the Dungeon.
You were a hulking beast.
You visited 1 branch of the dungeon, and saw 1 of its levels.

You collected 46 gold pieces.

Inventory:

Armour
 a - a +0 animal skin (worn)
 f - a scarf of resistance
Talismans
 c - a beast talisman (active)
 d - a flux talisman
 e - a maw talisman
Scrolls
 g - a scroll of amnesia {unknown}
 h - a scroll of vulnerability {unknown}
 i - a scroll of brand weapon {unknown}
 j - a scroll of identify {unknown}
 k - a scroll of teleportation {unknown}
Potions
 b - a potion of lignification


   Skills:
 + Level 1.2 Fighting
 + Level 1.9 Dodging
 + Level 3.1 Unarmed Combat
 * Level 3.0 Shapeshifting


You had one spell level left.
You didn't know any spells.
Your spell library was empty.

Dungeon Overview and Level Annotations

Branches:
Dungeon (1/15)


Innate Abilities, Weirdness & Mutations

You are a hulking beast.
Your limbs bulge with bestial killing power. (Slay +1)
You have an increased reservoir of magic. (+10% MP)
You shall have no god before yourself.
Your divine heritage dramatically boosts your attributes as you level up.


Message History

There is an open door here.
Found a robe.
The goblin closely misses you.
You barely miss the goblin. You punch the goblin!
You kill the goblin!
No target in view!
No target in view!
No target in view!
No target in view!
No target in view!
No target in view!
No target in view!
You see here a +0 club.
You see here a +0 robe.
A rat comes into view.
The rat squeaks loudly.
You hear a shout!
The rat bites you.
You hit the rat.
You kill the rat!
No target in view!
No target in view!
No target in view!
No target in view!
No target in view!
No target in view!
No target in view!
No target in view!
No target in view!
A goblin comes into view. It is wielding a +0 dagger.
You closely miss the goblin. The goblin misses you.
You hit the goblin.
You kill the goblin!
Things that are here:
a +0 dagger; a goblin corpse You enter the shallow water.
Moving in this stuff is going to be slow.
Done exploring.
You can't wear that in your present form.
Are you sure you want to abandon this character and quit the game? (Confirm with "yes".)

#.# ##.(.....# #.#
##...###... #.##
##†....##.## #[.##
##.......#.#
##...####....(.....##
#...)...'............
##...################
#...# #P≈≈≈≈≈≈≈~~P.
###h# #.P~~≈≈≈~~P.#
#.# #..P~~≈~~P..#
#.####...P~~~P...#
#.........P~P....#
#..###.....P.....#
#....#...........#
##.#.......<......
#...............#
###.......P.....#


There were no monsters in sight!

Vanquished Creatures
  4 ball pythons (D:1)
  A bat (D:1)
  2 endoplasms (D:1)
  4 goblins (D:1)
  3 hobgoblins (D:1)
  2 quokkas (D:1)
  4 rats (D:1)
20 creatures vanquished.

Notes
Turn   | Place    | Note
-------+----------+-------------------------------------------
     0 | D:1      | DiggyJ the Demigod Shapeshifter began the quest for the
                  | Orb.
     0 | D:1      | Reached XP level 1. HP: 15/15 MP: 3/3
   291 | D:1      | Reached skill level 1 in Fighting
   542 | D:1      | Reached XP level 2. HP: 17/23 MP: 4/4
   946 | D:1      | Quit the game

Illustrated notes

Levels and vault maps discovered:
D:1:      eino_arrival_druids_welcome, layout_loops_corners

Skill      XL: |  1  2 |
---------------+-------+-----
Fighting       | 1 |  1.2
Unarmed Combat | 3 |  3.1
Shapeshifting  | 3 |  3.0
Dodging        | |  1.9

Action                     || total
---------------------------++-------
  Melee: Unarmed           ||    45
         Punch             ||     2
   Stab: Sleeping          ||     2
 Armour: Animal skin       ||    14
  Dodge: Dodged            ||    24
   Form: Beast             ||     1
